 Dungeon Crawl Stone Soup version 0.22-a0-374-g5dfd9e3 (webtiles) character file.

8764 Leszczynek the Grappler (level 11, 113/113 HPs)
             Began as a Troll Skald on Apr 26, 2018.
             Was a Priest of Makhleb.
             Quit the game in a labyrinth.
             The game lasted 00:32:24 (5139 turns).

Leszczynek the Grappler (Troll Skald)               Turns: 5139, Time: 00:32:25

Health: 113/113    AC:  9    Str: 21    XL:     11   Next: 14%
Magic:  13/13      EV: 12    Int: 11    God:    Makhleb [***...]
Gold:   442        SH:  0    Dex: 10    Spells: 8/12 levels left

rFire    . . .     SeeInvis .     - Unarmed
rCold    . . .     Gourm    +   (no shield)
rNeg     . . .     Faith    .   E - +1 steam dragon scales
rPois    .         Spirit   .   (helmet restricted)
rElec    .         Reflect  .   (no cloak)
rCorr    .         Harm     .   (gloves unavailable)
MR       .....                  (boots unavailable)
Stlth    +.........             (no amulet)
HPRegen  0.68/turn              (no ring)
MPRegen  0.13/turn              (no ring)

@: no status effects
A: large, unfitting armour, claws 3, fast metabolism 3, gourmand, regeneration
1, shaggy fur 1, tough skin 2
a: Minor Destruction, Lesser Servant of Makhleb, Renounce Religion


You were in a labyrinth.
You worshipped Makhleb.
Makhleb was most pleased with you.
You were not hungry.

You visited 2 branches of the dungeon, and saw 13 of its levels.
You also visited: Labyrinth and Sewer.

You collected 442 gold pieces.

Inventory:

Hand Weapons
 h - a +0 blowgun
Missiles
 w - 4 tomahawks (quivered)
 B - 4 tomahawks of returning
 D - 8 exploding tomahawks
Armour
 i - the +1 robe of Jigres {rPois MR+ Str+5}
   (You found it on level 4 of the Dungeon)

   It affects your strength (+5).
   It protects you from poison.
   It affects your resistance to hostile enchantments.
 z - a +0 troll leather armour
 E - +1 steam dragon scales (worn)
Jewellery
 g - an uncursed ring of fire
Wands
 e - a wand of scattershot (3)
 o - a wand of enslavement (13)
 r - a wand of flame (33)
Scrolls
 b - 2 scrolls of remove curse {@r2}
 c - a scroll of enchant armour
 n - a scroll of blinking
 q - a scroll of magic mapping
 s - a scroll of fear {unknown}
 u - 2 scrolls of amnesia {unknown}
 x - 2 scrolls of noise {unknown}
 y - 2 scrolls of enchant weapon {unknown}
 C - 2 scrolls of identify {@r1}
Potions
 a - a potion of brilliance {unknown}
 j - 5 potions of heal wounds {@q2}
 k - 6 potions of curing {@q1}
 l - 2 potions of might {unknown}
 m - 7 potions of agility {unknown}
 p - a potion of lignification {unknown}
 t - 2 potions of flight {unknown}
 v - a potion of haste {unknown}
Comestibles
 d - 15 rations


   Skills:
 + Level 8.5 Fighting
 - Level 5.8 Dodging
 + Level 11.4 Unarmed Combat
 - Level 1.2 Spellcasting
 - Level 2.0 Charms
 + Level 5.1 Invocations


You had 8 spell levels left.
You knew the following spells:

 Your Spells              Type           Power        Failure   Level  Hunger
a - Infusion              Chrm           #...         14%         1    ##.....
q - Regeneration          Chrm/Necr      #.........   54%         3    ####...


Dungeon Overview and Level Annotations

Branches:
Dungeon (12/15)            Temple (1/1) D:6            Lair (0/6) D:8
    Orc (0/2) D:12

Altars:
Ashenzari
Hepliaklqana
Makhleb
Nemelex Xobeh
Qazlal
Ru
Trog
Uskayaw
Xom
Yredelemnul
Zin

Shops:
D:12 [

Annotations:
D:4 Menkaure


Innate Abilities, Weirdness & Mutations

You are too large for most types of armour.
You have claws for hands.
Your metabolism is lightning-fast.
You like to eat raw meat.
Your natural rate of healing is unusually fast.
You are covered in fur. (AC +1)
You have very tough skin. (AC +2)


Message History

You eviscerate the hungry ghost!!!
You destroy the hungry ghost!
Makhleb accepts your kill.
You feel better.
You eat one of the 16 rations.
That ration really hit the spot!
Wear which item? (? for menu, Esc to quit)
You start removing your armour.
You continue taking off the +1 robe of Jigres {rPois MR+ Str+5}. x4
You finish taking off the +1 robe of Jigres {rPois MR+ Str+5}.
You start putting on your armour.
You continue putting on your +1 steam dragon scales. x5
You finish putting on your +1 steam dragon scales.
Found a dagger.
The floor suddenly vibrates beneath you!
As you read the scroll of teleportation, it crumbles to dust.
You feel strangely unstable.
You start waiting.
Your surroundings suddenly seem different.
Unknown command.
Are you sure you want to abandon this character and quit the game? (Confirm with "yes".)

...#. ... .. .
###.## .# ... .#
#.#.#### ## #.#.
...#.# ###. ###
.# ##### #.
..... ... ...#
#.#########.#.##
#...@.....#.#
#######.#####.
#.....# # # ##
.# # # ..# ## ##


There were no monsters in sight!

Vanquished Creatures
  A hydra (D:11)
  A manticore (D:11)
  A gargoyle (D:11)
  A troll (D:9)
  2 hippogriffs
  3 redbacks (Lab)
  A wyvern (D:12)
  A wraith (D:12)
  A steam dragon (D:11)
  4 hungry ghosts
  A water moccasin (D:11)
  4 porcupines (D:8)
  2 ice beasts
  4 orc warriors
  3 sky beasts
  4 black bears
  2 phantoms
  6 ogres
  3 big kobolds (Sewer)
  7 bullfrogs
  A water moccasin zombie (D:5)
  A scorpion (D:8)
  2 killer bees (D:12)
  8 wights
  2 howler monkeys
  2 centaur zombies
  3 crimson imps
  7 jellies
  3 hounds
  2 gnoll shamans (D:6)
  2 orc priests
  7 orc wizards
  3 centaur skeletons
  Natasha (D:4)
  An iguana (D:5)
  5 worker ants
  A killer bee zombie (D:9)
  2 hound zombies
  15 adders
  13 gnolls
  7 river rats (Sewer)
  2 shadow imps
  6 oozes
  2 adder zombies (D:6)
  2 worms
  2 dart slugs
  3 leopard geckos
  15 orcs
  5 giant cockroaches
  5 goblins
  A hobgoblin (D:1)
  12 jackals
  18 kobolds
  A quokka (D:10)
  2 ball pythons
  5 bats
  3 frilled lizards
  A jackal skeleton (D:6)
  A jackal zombie (D:5)
  A leopard gecko skeleton (D:8)
  A quokka skeleton (D:4)
  22 rats
250 creatures vanquished.

Vanquished Creatures (collateral kills)
  A killer bee (D:12)
1 creature vanquished.

Vanquished Creatures (others)
  5 dream sheep (D:5)
  A fungus (D:8)
6 creatures vanquished.

Grand Total: 257 creatures vanquished

Notes
Turn   | Place    | Note
-------+----------+-------------------------------------------
     0 | D:1      | Leszczynek the Troll Skald began the quest for the Orb.
     0 | D:1      | Reached XP level 1. HP: 19/19 MP: 1/1
   121 | D:1      | Reached XP level 2. HP: 27/27 MP: 2/2
   182 | D:1      | Reached skill level 3 in Unarmed Combat
   289 | D:3      | Reached XP level 3. HP: 33/33 MP: 3/3
   428 | D:4      | Noticed a phantom
   460 | D:4      | Killed a phantom
   460 | D:4      | Reached skill level 5 in Unarmed Combat
   460 | D:4      | Reached XP level 4. HP: 23/41 MP: 4/4
   464 | D:4      | Noticed Menkaure
   762 | D:3      | Reached XP level 5. HP: 27/48 MP: 5/5
   778 | D:4      | Noticed Natasha
   780 | D:4      | Killed Natasha
   783 | D:4      | Got a slimy robe
   817 | D:3      | Identified the cursed +1 robe of Jigres {rPois MR+ Str+5} (You found it on level 4 of the Dungeon)
   928 | D:5      | Entered Level 5 of the Dungeon
   932 | D:5      | Reached skill level 6 in Unarmed Combat
   947 | D:5      | Reached XP level 6. HP: 55/55 MP: 6/6
  1019 | D:5      | Reached skill level 7 in Unarmed Combat
  1034 | D:5      | Found a glowing drain.
  1043 | Sewer    | Entered a sewer
  1105 | Sewer    | Reached XP level 7. HP: 51/62 MP: 7/7
  1208 | Sewer    | Reached skill level 8 in Unarmed Combat
  1478 | D:5      | Reached skill level 9 in Unarmed Combat
  1507 | D:5      | Noticed a dream sheep
  1507 | D:5      | Noticed a dream sheep
  1507 | D:5      | Noticed a dream sheep
  1507 | D:5      | Noticed a dream sheep
  1507 | D:5      | Noticed a dream sheep
  1507 | D:5      | Found a shimmering altar of Xom.
  1509 | D:5      | Noticed a hippogriff
  1513 | D:5      | Killed a dream sheep
  1513 | D:5      | Killed a dream sheep
  1513 | D:5      | Killed a dream sheep
  1513 | D:5      | Killed a dream sheep
  1513 | D:5      | Killed a dream sheep
  1519 | D:5      | Killed a hippogriff
  1519 | D:5      | Reached skill level 3 in Fighting
  1519 | D:5      | Reached XP level 8. HP: 57/75 MP: 8/8
  1568 | D:6      | Found a staircase to the Ecumenical Temple.
  1600 | Temple   | Entered the Ecumenical Temple
  1619 | Temple   | Became a worshipper of Makhleb the Destroyer
  1657 | D:6      | Found a hazy altar of Hepliaklqana.
  1668 | D:6      | Reached skill level 4 in Fighting
  1745 | D:6      | Reached skill level 5 in Fighting
  1762 | D:6      | Reached skill level 2 in Dodging
  2039 | D:6      | Reached * piety under Makhleb
  2204 | D:6      | Reached skill level 3 in Dodging
  2204 | D:6      | Reached XP level 9. HP: 58/88 MP: 9/9
  2393 | D:8      | Reached skill level 6 in Fighting
  2438 | D:8      | Learned a level 3 spell: Regeneration
  2477 | D:8      | Reached skill level 10 in Unarmed Combat
  2517 | D:7      | Reached skill level 4 in Dodging
  2629 | D:6      | Found a bloodstained altar of Trog.
  2653 | D:7      | Reached ** piety under Makhleb
  2880 | D:8      | Found a staircase to the Lair.
  2893 | D:8      | Reached skill level 11 in Unarmed Combat
  3024 | D:9      | Reached XP level 10. HP: 86/100 MP: 10/10
  3032 | D:10     | Entered Level 10 of the Dungeon
  3132 | D:9      | Reached skill level 7 in Fighting
  3512 | D:10     | Reached skill level 8 in Fighting
  3518 | D:10     | Noticed a two-headed ogre
  3549 | D:10     | ah, so it won't work like that
  3549 | D:10     | or maybe i did it wrong
  3549 | D:10     | right, wrong, should've aimed before him
  3582 | D:9      | Found a hide-covered altar of Uskayaw.
  3582 | D:9      | Found a sparkling altar of Nemelex Xobeh.
  3582 | D:9      | Found a shattered altar of Ashenzari.
  3582 | D:9      | Found a glowing silver altar of Zin.
  3582 | D:9      | Found a basalt altar of Yredelemnul.
  3582 | D:9      | Found a sacrificial altar of Ru.
  3587 | D:9      | Noticed a two-headed ogre
  3590 | D:9      | no, it's still a beam
  3670 | D:11     | Reached *** piety under Makhleb
  3670 | D:11     | Reached skill level 1 in Invocations
  3817 | D:11     | Noticed a manticore
  3847 | D:11     | Killed a manticore
  3847 | D:11     | Reached skill level 5 in Dodging
  3847 | D:11     | Reached skill level 2 in Invocations
  3936 | D:11     | Noticed a six-headed hydra
  3941 | D:11     | Killed a seven-headed hydra
  3941 | D:11     | Reached skill level 3 in Invocations
  4032 | D:11     | Reached skill level 4 in Invocations
  4115 | D:12     | Noticed a gargoyle
  4122 | D:11     | Killed a gargoyle
  4147 | D:12     | Found Cyrerphua's Armour Shoppe.
  4305 | D:12     | Reached XP level 11. HP: 65/113 MP: 13/13
  4370 | D:12     | Found a labyrinth entrance.
  4380 | Lab      | Entered a labyrinth
  4381 | Lab      | time for the time waster
  4683 | Lab      | W R O N G W A Y
  4683 | Lab      | always, every fucking time i'm going for a low turncount
  4683 | Lab      | and every time i tell myself - this was the last time, it's not fucking worht it
  4683 | Lab      | and then i go here AGAIN
  4683 | Lab      | over and over
  4888 | Lab      | Reached skill level 5 in Invocations
  5139 | Lab      | Quit the game

Vault maps used:
D:1:      sevenhm_arrival_forest_fort_large_4
D:2:      uniq_sigmund
D:3:      first_ration, minmay_crystal_room
D:4:      uniq_menkaure, uniq_natasha
D:5:      grunt_dithmenos_smoke, kb_xom_exploding_sheep, portal_sewer_entry_d
D:6:      trog_ov_bears_minmay, old_standard_altar, kennysheep_little_box,
          minmay_temple_entry_glass, hangedman_decor_diamond_cutter,
          uniq_crazy_yiuf_cottage
D:8:      due_lair_maze_entry_diamond, hangedman_little_slice_of_home
D:9:      grunt_temple_overflow_open
D:12:     hiddenorc1_lemuel, serial_shops, shop, lab_entry_generic,
          nooodl_food_tri
Temple:   minmay_temple_curvy_loop
Lab:      nicolae_lab_hexagon, labyrinth_skeletal_remains, nicolae_lab_big_swirl
Sewer:    sewer_minmay_treatment

Skill      XL: |  1  2  3  4  5  6  7  8  9 10 11 |
---------------+----------------------------------+-----
Unarmed Combat | 3 5 6 7 9 11 | 11.4
Fighting       | 3 5 6 8 |  8.5
Dodging        | 3 4 5 |  5.8
Invocations    | 4 5 |  5.1
Spellcasting   | |  1.2
Charms         | |  2.0

Action                   |  1- 3 |  4- 6 |  7- 9 | 10-12 || total
-------------------------+-------+-------+-------+-------++-------
Melee: Unarmed           |    64 |   105 |   366 |   202 ||   737
       Punch             |     1 |     3 |     9 |     7 ||    20
Invok: Minor Destruction |       |       |       |     4 ||     4
       Lesser Servant of |       |       |       |     3 ||     3
Evoke: Wand              |       |       |       |     5 ||     5
  Use: Scroll            |       |       |     3 |     7 ||    10
  Eat: Chunk             |     9 |     6 |    19 |    23 ||    57
       Ration            |       |       |       |     2 ||     2
Armor: Robe              |    14 |    41 |   107 |     7 ||   169
       Troll leather arm |       |       |       |    20 ||    20
       Steam dragon scal |       |       |       |    18 ||    18
       Skin              |       |       |       |     2 ||     2
Dodge: Dodged            |    34 |    71 |   156 |    92 ||   353

Table legend:
 A = Spawn XP
 B = Non-spawn XP
 C = Spawn XP percentage of total XP
 D = Spawn monster count
 E = Non-spawn monster count
 F = Spawn count percentage of total count
 G = Total turns spent on level
                    A         B        C        D         E        F      G
               +---------+---------+-------+---------+---------+-------+---------
         Total |       0 |   12520 |   0.0 |       0 |     251 |   0.0 |  5139
               +---------+---------+-------+---------+---------+-------+---------
           D:1 |       0 |      20 |   0.0 |       0 |      10 |   0.0 |   209
           D:2 |       0 |      21 |   0.0 |       0 |       6 |   0.0 |    80
           D:3 |       0 |      41 |   0.0 |       0 |      21 |   0.0 |   259
           D:4 |       0 |     163 |   0.0 |       0 |       5 |   0.0 |   380
           D:5 |       0 |     879 |   0.0 |       0 |      14 |   0.0 |   279
           D:6 |       0 |    1370 |   0.0 |       0 |      33 |   0.0 |   548
           D:7 |       0 |     508 |   0.0 |       0 |      12 |   0.0 |   341
           D:8 |       0 |    1890 |   0.0 |       0 |      38 |   0.0 |   469
           D:9 |       0 |     580 |   0.0 |       0 |       6 |   0.0 |   177
          D:10 |       0 |    1001 |   0.0 |       0 |      21 |   0.0 |   461
          D:11 |       0 |    3004 |   0.0 |       0 |      19 |   0.0 |   489
          D:12 |       0 |    1494 |   0.0 |       0 |      13 |   0.0 |   256
           Lab |       0 |    1057 |   0.0 |       0 |       5 |   0.0 |   759
         Sewer |       0 |     492 |   0.0 |       0 |      48 |   0.0 |   395
               +---------+---------+-------+---------+---------+-------+---------
